Get step-by-step instructions on how to execute this build order below. Start the game timer, and the build order will tick by so you can play in parallel with StarCraft on a second screen or mobile device.

Game Time

  0:00

Last Step

  N/A

Next Step

Upcoming Step



Don't want to look back and forth between 2 screens? Try out our Overwolf App, the Spawning Tool Build Advisor to get an in-game overlay with this build!

Complete Build Order

  12  0:00  SCV  
  13  0:12  SCV  
  14  0:17  Supply Depot  
  14  0:24  SCV  
  15  0:38  SCV  
  15  0:40  Barracks  
  15  0:42  Refinery  
  16  0:50  SCV  
  16  0:52  Refinery  
  17  1:02  SCV  
  18  1:15  SCV  
  19  1:27  Orbital Command, Reaper  
  19  1:29  Supply Depot  
  20  1:39  Factory  
  20  1:52  SCV  
  21  1:59  Reaper  
  22  2:05  SCV  
  23  2:14  Command Center  
  23  2:17  SCV  
  23  2:22  Cyclone  
  26  2:29  SCV  
  27  2:32  Barracks Reactor  
  27  2:34  Supply Depot  
  27  2:41  SCV  
  27  2:53  SCV  
  27  2:55  Cyclone  
  27  2:56  Starport  
  30  3:05  SCV  
  31  3:08  Marine x2  
  33  3:17  SCV  
  34  3:27  Cyclone  
  34  3:29  SCV  
  34  3:31  Marine  
  34  3:34  Medivac  
  36  3:40  Marine  
  37  3:41  SCV  
  38  3:51  Orbital Command  
  38  3:52  Refinery  
  38  3:53  SCV  
  40  3:59  Factory Tech Lab  
  39  4:04  Starport Tech Lab  
  39  4:05  SCV, Marine  
  39  4:07  Marine  
  42  4:17  SCV  
  42  4:18  Siege Tank, Supply Depot, SCV  
  42  4:23  Marine  
  47  4:25  Marine  
  47  4:26  Raven  
  47  4:28  Interference Matrix  
  47  4:30  SCV x2  
  52  4:39  Supply Depot  
  52  4:42  Marine, SCV x2  
  55  4:53  Siege Tank  
  55  4:54  SCV x2  
  55  4:59  Supply Depot, Marine  
  61  5:00  Marine  
  61  5:06  Raven, SCV x2  
  66  5:09  Supply Depot  
  65  5:17  Marine  
  65  5:18  Marine  
  65  5:21  SCV x2  
  67  5:33  SCV x2  
  69  5:37  Siege Tank  
  69  5:39  Marine  
  69  5:40  Marine  
  74  5:45  SCV  
  74  5:46  Liberator  
  74  5:48  SCV  
  79  5:57  SCV, Marine  
  79  5:58  Marine  
  79  6:00  SCV  
  83  6:11  SCV  
  83  6:12  SCV  
  83  6:14  Supply Depot  
  83  6:15  Supply Depot, Marine  
  86  6:24  Siege Tank, Marine  
  90  6:33  Marine  
  85  6:42  Marine  
  85  6:43  SCV  
  85  6:44  SCV  
  88  6:50  Marine  
  86  6:56  SCV x2  
  86  7:04  Command Center  
  86  7:06  Factory, Refinery  
  86  7:07  Factory